[ AOE2 MATCH · #506787757 ]
UnrankedBulgarians vs Georgians
Player's team · WIN
Rival team · LOSS
[ REPLAY ANALYSIS · EXTRACTED FROM THE RECORDED GAME ]
Feudal
9:33
Castle
—
Imperial
—
| APM avg | 49.6 |
| APM peak | 67 |
| eAPM avg | 18.9 |
| Villagers / military | 22 / 7 |
Focus
⚔️ 25.0% · 🌾 75.0%
Militia ×5 · Archer ×1 · Spearman ×1
Feudal
9:16
Castle
—
Imperial
—
| APM avg | 68.1 |
| APM peak | 124 |
| eAPM avg | 28.8 |
| Villagers / military | 26 / 8 |
Focus
⚔️ 57.2% · 🌾 42.8%
Scout Cavalry ×4 · Skirmisher ×2 · Archer ×1 · Spearman ×1
Match map
Initial resources + every placement click. Lines = walls · curves = elevation contours. ◆ gold · ⬟ stone · ● berries · ✦ relic · ◌ wall gap
Your base
VicTitor's base
Smoothed initial terrain · ◌ = detected wall gap · hover for details
Inputs per minute
— G89 - - VicTitor
Build order — G89
45 actions detected in the replay
| 0:01 | Queue | Villager (Male) |
| 0:01 | Queue | Villager (Male) |
| 0:01 | Queue | Villager (Male) |
| 0:02 | Queue | Villager (Male) |
| 0:05 | Build | House |
| 0:08 | Build | House |
| 1:42 | Queue | Villager (Male) |
| 1:51 | Build | Lumber Camp |
| 2:13 | Queue | Villager (Male) |
| 2:33 | Queue | Villager (Male) |
| 3:00 | Queue | Villager (Male) |
| 3:23 | Queue | Villager (Male) |
| 3:55 | Queue | Villager (Male) |
| 4:10 | Build | House |
| 4:20 | Queue | Villager (Male) |
| 4:44 | Queue | Villager (Male) |
| 5:03 | Queue | Villager (Male) |
| 5:26 | Build | Mining Camp |
| 5:35 | Queue | Villager (Male) |
| 5:47 | Queue | Villager (Male) |
| 6:23 | Build | Barracks |
| 6:27 | Queue | Villager (Male) |
| 6:43 | Research | Loom |
| 6:58 | Build | House |
| 7:23 | Research | Feudal Age |
| 7:30 | Build | House |
| 7:43 | Queue | Militia |
| 8:05 | Queue | Militia |
| 8:21 | Build | House |
| 8:24 | Queue | Militia |
| 8:45 | Queue | Militia |
| 9:04 | Queue | Militia |
| 9:07 | Build | House |
| 9:15 | Queue | Villager (Male) |
| 9:26 | Queue | Villager (Male) |
| 9:33 | Age | Feudal Age |
| 9:57 | Build | Archery Range |
| 9:59 | Queue | Villager (Male) |
| 10:18 | Build | Mill |
| 10:36 | Queue | Villager (Male) |
| 10:40 | Queue | Spearman |
| 10:56 | Queue | Archer |
| 11:23 | Queue | Villager (Male) |
| 11:25 | Build | Lumber Camp |
| 11:38 | Queue | Villager (Male) |
Build order — VicTitor
59 actions detected in the replay
| 0:02 | Queue | Villager (Male) |
| 0:02 | Queue | Villager (Male) |
| 0:03 | Queue | Villager (Male) |
| 0:04 | Build | House |
| 0:05 | Build | House |
| 0:33 | Queue | Villager (Male) |
| 1:29 | Queue | Villager (Male) |
| 1:29 | Queue | Villager (Male) |
| 2:05 | Queue | Villager (Male) |
| 2:05 | Queue | Villager (Male) |
| 2:18 | Queue | Villager (Male) |
| 2:37 | Queue | Villager (Male) |
| 2:37 | Queue | Villager (Male) |
| 3:08 | Queue | Villager (Male) |
| 3:08 | Queue | Villager (Male) |
| 3:08 | Queue | Villager (Male) |
| 3:31 | Build | House |
| 3:43 | Queue | Villager (Male) |
| 3:47 | Queue | Villager (Male) |
| 3:50 | Build | Palisade Wall |
| 3:50 | Build | Palisade Wall |
| 3:53 | Build | Palisade Wall |
| 4:39 | Queue | Villager (Male) |
| 5:19 | Queue | Villager (Male) |
| 5:41 | Build | Mill |
| 5:56 | Queue | Villager (Male) |
| 5:57 | Research | Loom |
| 6:37 | Build | Barracks |
| 6:45 | Build | House |
| 6:51 | Queue | Villager (Male) |
| 7:06 | Research | Feudal Age |
| 7:07 | Research | Feudal Age |
| 7:34 | Build | Palisade Wall |
| 7:48 | Build | Palisade Wall |
| 7:55 | Build | Palisade Wall |
| 7:59 | Build | Palisade Wall |
| 8:00 | Build | Palisade Wall |
| 8:01 | Build | Palisade Wall |
| 8:06 | Build | Palisade Wall |
| 8:25 | Queue | Villager (Male) |
| 9:16 | Age | Feudal Age |
| 9:19 | Build | Stable |
| 9:21 | Queue | Spearman |
| 9:36 | Queue | Villager (Male) |
| 10:00 | Queue | Villager (Male) |
| 10:08 | Queue | Scout Cavalry |
| 10:08 | Queue | Scout Cavalry |
| 10:10 | Build | Palisade Gate |
| 10:29 | Build | Archery Range |
| 10:29 | Queue | Villager (Male) |
| 10:32 | Research | Double-Bit Axe |
| 10:35 | Queue | Scout Cavalry |
| 10:44 | Build | House |
| 11:25 | Queue | Villager (Male) |
| 11:26 | Queue | Villager (Male) |
| 11:30 | Queue | Scout Cavalry |
| 11:33 | Queue | Archer |
| 11:33 | Queue | Skirmisher |
| 11:34 | Queue | Skirmisher |
Match timeline
| 3:50 | VicTitor · wall_segment Palisade Wall x1 |
| 3:50 | VicTitor · wall_segment Palisade Wall x1 |
| 3:53 | VicTitor · wall_segment Palisade Wall x1 |
| 6:23 | G89 · first_building Barracks |
| 6:37 | VicTitor · first_building Barracks |
| 7:34 | VicTitor · wall_segment Palisade Wall x1 |
| 7:48 | VicTitor · wall_segment Palisade Wall x1 |
| 7:55 | VicTitor · wall_segment Palisade Wall x1 |
| 7:59 | VicTitor · wall_segment Palisade Wall x1 |
| 8:00 | VicTitor · wall_segment Palisade Wall x2 |
| 8:01 | VicTitor · wall_segment Palisade Wall x1 |
| 8:06 | VicTitor · wall_segment Palisade Wall x2 |
| 9:16 | VicTitor · age_up feudal |
| 9:19 | VicTitor · first_building Stable |
| 9:33 | G89 · age_up feudal |
| 9:57 | G89 · first_building Archery Range |
| 10:29 | VicTitor · first_building Archery Range |
| 11:41 | VicTitor · resign |
[ AI ANALYSIS · 1 CREDIT ]
What really happened in this match?
Wolo.gg analyzes every decision: build order, eco, micro, common mistakes by bracket. Personalized analysis on WhatsApp or Discord in 30 seconds.
Civ guide
Bulgarians
Perfil
Jugador #2921914